 Dungeon Crawl Stone Soup version 0.32-a0-290-g598725c5f2 (webtiles) character file.

Game seed: 38874303949578736

2725 Dittersdorf the Shield-Bearer (level 9, -4/59 HPs)
             Began as a Gargoyle Fighter on Feb 13, 2024.
             Was an Initiate of Gozag.
             Slain by an orc warrior
             ... wielding a +0 dire flail
              (9 damage)
             ... on level 7 of the Dungeon.
             The game lasted 00:07:35 (6317 turns).

Dittersdorf the Shield-Bearer (Gargoyle Fighter)    Turns: 6317, Time: 00:07:37

Health: -4/59      AC: 21    Str: 24 (25) XL:     9   Next: 67%
Magic:  0/9        EV:  8    Int:  6 (8)  God:    Gozag
Gold:   394        SH:  4    Dex:  1 (4)  Spells: 8/8 levels left

rFire   + + .        v - +0 morningstar (elec)
rCold   . . .        c - +0 buckler
rNeg    + . .        r - +1 chain mail
rPois   ∞            (no helmet)
rElec   +            (no cloak)
rCorr   .            p - +2 pair of gloves of Goepipp {rF++ Dex-5}
SInv    .            (no boots)
Will    .....        a - amulet of guardian spirit Stlth
                     o - ring of flight
HPRegen 0.29/turn    (no ring)
MPRegen 0.11/turn

%: guardian spirit
@: flying, studying Armour
A: sickness immunity, AC +6, negative energy resistance 1, electricity
resistance, torment resistance 1, petrification resistance
a: Renounce Religion, Potion Petition, Call Merchant, Bribe Branch


You were on level 7 of the Dungeon.
You worshipped Gozag.
Gozag was aware of your devotion.
You visited 2 branches of the dungeon, and saw 8 of its levels.

You collected 480 gold pieces.
You paid 86 gold pieces to Gozag.

Inventory:

Hand Weapons
 v - a +0 morningstar of electrocution (weapon)
Armour
 c - a +0 buckler (worn)
 e - a +0 pair of gloves
 p - the +2 pair of gloves of Goepipp (worn) {rF++ Dex-5}
   (You found it on level 2 of the Dungeon)

   Dex-5:     It affects your dexterity (-5).
   rF++:      It greatly protects you from fire.
 r - a +1 chain mail (worn)
Jewellery
 a - an amulet of guardian spirit (around neck)
 o - a ring of flight (left hand)
Wands
 h - a wand of flame (7)
 w - a wand of iceblast (10) (quivered)
Scrolls
 l - 4 scrolls of teleportation
Potions
 b - a potion of enlightenment
 f - a potion of resistance
 g - a potion of invisibility
 i - 5 potions of haste


   Skills:
 + Level 7.8 Fighting
 + Level 6.7 Maces & Flails
 + Level 7.8 Armour
 + Level 7.9 Shields


You had 8 spell levels left.
You didn't know any spells.
Your spell library contained the following spells:

 Spells                   Type           Power      Damage    Failure   Level
 Apportation              Tloc           0%         N/A       95%         1
 Magic Dart               Conj           0%         1d3       95%         1
 Necrotise                Necr           0%         1d4       95%         1
 Jinxbite                 Hex            0%         N/A       99%         2
 Lesser Beckoning         Tloc           0%         N/A       99%         2
 Searing Ray              Conj           0%         2d4       99%         2
 Gell's Gravitas          Tloc           0%         N/A       100%        3
 Ozocubu's Armour         Ice            0%         N/A       100%        3
 Teleport Other           Tloc           0%         N/A       100%        3
 Vampiric Draining        Necr           0%         2d6       100%        3
 Fulminant Prism          Conj/Alch      0%         3d5       100%        4
 Martyr's Knell           Necr/Summ      0%         N/A       100%        4
 Alistair's Intoxication  Alch           0%         N/A       100%        5
 Curse of Agony           Necr           0%         N/A       100%        5
 Metabolic Englaciation   Hex/Ice        0%         N/A       100%        5
 Sculpt Simulacrum        Ice/Alch       0%         N/A       100%        6


Dungeon Overview and Level Annotations

Branches:
Dungeon (7/15)             Temple (1/1) D:5

Altars:
Ashenzari
Cheibriados
Elyvilon
Fedhas
Gozag
Hepliaklqana
Kikubaaqudgha
Makhleb
Okawaru
Qazlal
Ru
Sif Muna
Uskayaw
Vehumet
Wu Jian
Xom
Yredelemnul
Zin
The Shining One

Shops:
D:5 =


Innate Abilities, Weirdness & Mutations

You are immune to sickness and miasma.
Your stone body is resilient. (AC +6)
You are immune to poison.
You resist negative energy. (rN+)
You are resistant to electric shocks. (rElec)
You are resistant to unholy torment.
You are immune to petrification.


Message History

Found a potion of heal wounds.
Found a stone staircase leading down.
The killer bee attacks as it pursues you!
The killer bee closely misses you. The killer bee barely misses you.
You miss the killer bee.
The killer bee stings you but does no damage. x2
You barely miss the killer bee. You block the killer bee's attack.
The killer bee stings you.
* * * LOW HITPOINT WARNING * * *
The killer bee stings you.
* * * LOW HITPOINT WARNING * * *
You barely miss the killer bee.
The killer bee stings you but does no damage.
The killer bee completely misses you.
An ice beast comes into view.
You barely miss the killer bee. The killer bee barely misses you.
The killer bee stings you but does no damage.
You puncture the killer bee!
The killer bee is heavily wounded.
The killer bee stings you but does no damage. x2
The killer bee stings you.
You closely miss the killer bee.
The killer bee is heavily wounded.
You hear the faint creaking of a portcullis nearby.
The killer bee barely misses you. You block the killer bee's attack.
The orc warrior hits you with a +0 dire flail!
* * * LOW HITPOINT WARNING * * *
The killer bee attacks as it pursues you!
The killer bee stings you but does no damage.
The ice beast hits you but does no damage.
You closely miss the killer bee.
The killer bee is heavily wounded.
The killer bee barely misses you. x2; The orc warrior misses you.
You block the ice beast's attack. The killer bee closely misses you.
You closely miss the killer bee.
The killer bee is heavily wounded.
The killer bee barely misses you.
The killer bee stings you but does no damage.
The orc warrior hits you with a +0 dire flail!
You die...
Your body crumbles into a pile of gold.

.# ....# !.. ...# .. ....
..# ..# ..## ).#....#. #
##Y#.>.... .. #@yoo...# #
##. ##o#....#. .. #..
##y#......
...##.######)g.).....
.....................
.........##.##........
........##...##...#..# ...#
........#.##..#...##.#....#
......#.......$...#........


You could see an orc warrior, an ice beast, 2 killer bees, 2 orcs and a goblin.

Vanquished Creatures
  Sigmund (D:5)
  Menkaure (D:5)
  A water moccasin (D:7)
  2 ice beasts
  A sky beast (D:7)
  2 ogres
  3 centaurs
  A phantom (D:4)
  4 scorpions
  7 killer bees (D:7)
  3 howler monkeys
  A gnoll bouda (D:4)
  3 bombardier beetles
  An orc priest (D:6)
  4 iguanas
  2 jellies
  8 orc wizards
  2 sleepcaps (D:5)
  11 adders
  6 gnolls
  A shadow imp (D:5)
  2 white imps (D:6)
  3 dart slugs
  A ribbon worm (D:2)
  14 orcs
  8 ball pythons
  7 endoplasms
  3 giant cockroaches
  3 hobgoblins
  2 jackals (D:2)
  6 quokkas
  4 bats
  A frilled lizard (D:2)
  9 goblins
  8 kobolds
  2 rats (D:2)
138 creatures vanquished.

Notes
Turn   | Place    | Note
-------+----------+-------------------------------------------
     0 | D:1      | Dittersdorf the Gargoyle Fighter began the quest for the
                  | Orb.
     0 | D:1      | Reached XP level 1. HP: 14/14 MP: 1/1
    91 | D:1      | Reached XP level 2. HP: 18/19 MP: 2/2
   235 | D:1      | Reached XP level 3. HP: 23/23 MP: 3/3
   650 | D:2      | Noticed a scorpion
   666 | D:2      | Killed a scorpion
   667 | D:2      | Reached XP level 4. HP: 29/29 MP: 4/4
   815 | D:2      | Reached XP level 5. HP: 32/33 MP: 5/5
   946 | D:2      | Identified the +2 pair of gloves of Goepipp {rF++ Dex-5}
  1196 | D:2      | Found a faded altar of an unknown god.
  1728 | D:3      | Found an ornate altar of the Wu Jian Council.
  1741 | D:3      | Found an ancient bone altar of Kikubaaqudgha.
  1750 | D:3      | Found a hazy altar of Hepliaklqana.
  2143 | D:4      | Reached XP level 6. HP: 39/39 MP: 6/6
  2213 | D:4      | Reached skill level 5 in Shields
  2497 | D:4      | Reached skill level 5 in Fighting
  2497 | D:4      | Reached skill level 5 in Armour
  2497 | D:4      | Reached XP level 7. HP: 30/44 MP: 7/7
  2957 | D:4      | HP: 1/44 [something/magic dart (8)]
  2968 | D:4      | HP: 1/44 [something (3)]
  3499 | D:5      | Entered Level 5 of the Dungeon
  3683 | D:5      | Found Qiwajom's Jewellery Shop.
  3828 | D:5      | Reached XP level 8. HP: 47/51 MP: 6/8
  4033 | D:5      | Reached skill level 5 in Maces & Flails
  4281 | D:5      | Found a staircase to the Ecumenical Temple.
  4287 | Temple   | Entered the Ecumenical Temple
  4295 | Temple   | Became a worshipper of Gozag Ym Sagoz the Greedy
  4365 | D:5      | Noticed Sigmund
  4395 | D:5      | Killed Sigmund
  4502 | D:5      | Noticed Menkaure
  4510 | D:5      | Killed Menkaure
  4897 | D:5      | Found a staircase to the Ecumenical Temple.
  5201 | D:5      | Found Qiwajom's Jewellery Shop.
  5314 | D:6      | Reached XP level 9. HP: 50/56 MP: 9/9
  6317 | D:7      | Slain by an orc warrior

Illustrated notes

Levels and vault maps discovered:
D:1:      moated_graveyard_arrival, layout_rooms
D:2:      layout_loops_corners, ebering_ecumenical_altar_petrified
D:3:      layout_rooms, minmay_overflow_temple_star_quad
D:4:      layout_layer_cave
D:5:      kennysheep_six_static_rooms, layout_basic, minmay_temple_entry_wispy,
          minmay_shop_enchanted_jewellery, minmay_between, uniq_menkaure,
          uniq_sigmund
D:6:      layout_loops_cross, chequers_mini_garden, minmay_quadrilaterals
D:7:      layout_cave_pools, bloody_trog, enter_bailey_5, minmay_manual_mares
Temple:   compressed_dpeg_triangle_lava_temple

Skill      XL: |  1  2  3  4  5  6  7  8  9 |
---------------+----------------------------+-----
Fighting       | 4 5 6 7 |  7.8
Armour         | 4 5 6 7 |  7.8
Shields        | 4 5 7 |  7.9
Maces & Flails | 3 4 5 6 |  6.7

Action                     |  1- 3 |  4- 6 |  7- 9 || total
---------------------------+-------+-------+-------++-------
  Melee: Flail             |   100 |   109 |       ||   209
         Morningstar       |       |    79 |   428 ||   507
    Use: Scroll            |       |       |    19 ||    19
         Potion            |       |       |     6 ||     6
 Armour: Scale mail        |    69 |    36 |       ||   105
         Chain mail        |       |   129 |   621 ||   750
  Dodge: Dodged            |    53 |    99 |   219 ||   371
  Block: Buckler           |    32 |    50 |   100 ||   182

Table legend: (Time is in decaauts)
 A = Elapsed time spent in this place.
 B = Non-inter-level travel time spent in this place.
 C = Inter-level travel time spent in this place.
 D = Time resting spent in this place.
 E = Time spent auto-exploring this place.
 F = Levels seen in this place.
 G = Mean time per level.
                   A        B        C        D        E       F      G
               +--------+--------+--------+--------+--------+-----+--------+
         Total |   6518 |   6316 |    202 |    339 |   4333 |   8 |  814.8 |
       Dungeon |   6501 |   6299 |    202 |    339 |   4333 |   7 |  928.7 |
        Temple |     16 |     16 |      0 |      0 |      0 |   1 |   16.0 |
               +--------+--------+--------+--------+--------+-----+--------+

Top non-repeatable levels by time:
     D:5: 1738 daAuts
     D:4: 1423 daAuts
     D:6: 935 daAuts
     D:2: 909 daAuts
     D:3: 876 daAuts
     D:1: 411 daAuts
     D:7: 206 daAuts
  Temple: 16 daAuts
